 Dungeon Crawl Stone Soup version 0.21-a0-450-gd87a9b2 (webtiles) character file.

278665 esteth the Slayer (level 19, -9/191 HPs)
             Began as a Minotaur Fighter on Nov 17, 2017.
             Was a High Priest of Makhleb.
             Shot with an arrow by something (32 damage)
             ... on level 3 of the Elven Halls on Nov 18, 2017.
             The game lasted 01:47:58 (31634 turns).

esteth the Slayer (Minotaur Fighter)               Turns: 31634, Time: 01:47:59

Health: -9/191     AC: 39    Str: 23    XL:     19   Next: 63%
Magic:  27/27      EV: 15    Int:  7    God:    Makhleb [*****.]
Gold:   2553       SH:  0    Dex: 16    Spells: 18/18 levels left

rFire    + + +     SeeInvis .   s - +2 executioner's axe (vamp)
rCold    + . .     Gourm    .   (shield currently unavailable)
rNeg     . . .     Faith    .   K - +27 Lear's hauberk
rPois    +         Spirit   .   (helmet currently unavailable)
rElec    .         Reflect  .   x - scarf {rC+ rF+}
rCorr    .         Harm     .   (gloves currently unavailable)
MR       +....                  (boots currently unavailable)
Stlth    ..........             M - amulet "Pacsan" {rF+ Regen+}
HPRegen  0.81/turn              T - ring of protection from cold
MPRegen  0.20/turn              W - ring "Zooligam" {+Inv rPois rF+ rC- Int+2}

@: berserk cooldown, hasted and slowed
A: retaliatory headbutt, horns 2
}: 2/15 runes: barnacled, gossamer
a: Minor Destruction, Lesser Servant of Makhleb, Major Destruction, Greater
Servant of Makhleb, Renounce Religion, Evoke Invisibility


You were on level 3 of the Elven Halls.
You worshipped Makhleb.
Makhleb was extremely pleased with you.
You were not hungry.

You visited 7 branches of the dungeon, and saw 35 of its levels.
You also visited: Ice Cave.

You collected 3251 gold pieces.
You spent 698 gold pieces at shops.

Inventory:

Hand Weapons
 s - a +2 vampiric executioner's axe (weapon)
 A - a +7 battleaxe of flaming
Armour
 t - a +0 cloak of invisibility
 x - a scarf of resistance (worn)
 K - the +27 Lear's hauberk (worn)
   (You found it in an ice cave)
Jewellery
 j - an uncursed ring of positive energy
 M - the amulet "Pacsan" (around neck) {rF+ Regen+}
   (You found it on level 10 of the Dungeon)

   [amulet of regeneration]

   It protects you from fire.
   It increases your rate of regeneration.
 T - a ring of protection from cold (left hand)
 V - an uncursed ring of protection from cold
 W - the ring "Zooligam" (right hand) {+Inv rPois rF+ rC- Int+2}
   (You bought it in a shop on level 2 of the Orcish Mines)

   [ring of poison resistance]

   It affects your intelligence (+2).
   It protects you from fire.
   It makes you vulnerable to cold.
   It protects you from poison.
   It lets you turn invisible.
 Y - an uncursed amulet of magic regeneration
Wands
 h - a wand of flame (22/48)
 k - a wand of enslavement (4/24)
 r - a wand of lightning (8/15)
 u - a wand of disintegration (8/24)
 C - a wand of digging (7/24)
 D - a wand of paralysis (11/24)
 H - a wand of acid (3/15)
 R - a wand of clouds (4/9)
 S - a wand of scattershot (0/9)
Scrolls
 b - 6 scrolls of fear
 c - 8 scrolls of teleportation
 d - 17 scrolls of remove curse
 l - 2 scrolls of blinking
 n - 2 scrolls of recharging
 w - 6 scrolls of amnesia
 F - 8 scrolls of magic mapping
 I - 2 scrolls of silence
 J - 8 scrolls of fog
 P - 4 scrolls of enchant armour
 Q - 4 scrolls of acquirement
Potions
 a - a potion of might
 e - 5 potions of mutation
 g - 10 potions of curing
 m - 3 potions of cancellation
 o - 2 potions of invisibility
 v - 2 potions of berserk rage
 L - 5 potions of ambrosia
 N - a potion of brilliance
 O - a potion of flight {unknown}
Miscellaneous
 Z - a lamp of fire
Comestibles
 f - 22 bread rations
 i - 4 chunks of flesh
 p - 15 meat rations
 z - 24 fruits
 U - 12 royal jellies


   Skills:
 - Level 22.0 Fighting
 + Level 22.0 Axes
 - Level 13.5 Armour
 - Level 10.6 Dodging
   Level 7.1 Shields
 - Level 12.7 Invocations
 - Level 11.0 Evocations


You had 18 spell levels left.
You didn't know any spells.

Dungeon Overview and Level Annotations

Branches:
Dungeon (15/15)            Temple (1/1) D:6            Lair (6/6) D:11
 Shoals (4/4) Lair:2       Spider (4/4) Lair:2        Slime (0/5) Lair:6
    Orc (2/2) D:10            Elf (3/3) Orc:2        Vaults (0/5) D:13
 Depths (0/5) D:15

Altars:
Ashenzari
Cheibriados
Dithmenos
Elyvilon
Fedhas
Gozag
Hepliaklqana
Kikubaaqudgha
Makhleb
Nemelex Xobeh
Okawaru
Qazlal
Ru
Sif Muna
Trog
Uskayaw
Vehumet
Wu Jian
Xom
Yredelemnul
Zin
The Shining One

Shops:
D:4 %   D:10 *!   Orc:1 =[[=:   Orc:2 =*[(   Elf:3 (

Annotations:
Lair:6 exclusion: 4 oklob plants


Innate Abilities, Weirdness & Mutations

You reflexively headbutt those who attack you in melee.
You have a pair of horns on your head.


Message History

You slash something!
You feel better.
You headbutt something.
You hear a loud twanging sound.
An arrow appears from out of thin air!
The arrow hits you but does no damage.
You hear a shout!
You miss something.
You hear a loud twanging sound.
An arrow appears from out of thin air!
The arrow hits you.
* * * LOW HITPOINT WARNING * * *
You hear a loud twanging sound.
An arrow appears from out of thin air!
The arrow hits you!
* * * LOW HITPOINT WARNING * * *
A deep elf death mage comes into view.
It is wielding a twisted falchion {speed}.
You miss something. Your headbutt misses something.
You hear a loud twanging sound.
An arrow appears from out of thin air!
The arrow hits you!
* * * LOW HITPOINT WARNING * * *
You closely miss something. You headbutt something.
You hear a loud twanging sound.
An arrow appears from out of thin air!
The arrow hits you!!
You die...

...# ######.###### #..# ...#
.#...≈≈.≈≈...## #..# #..#
.....≈≈e≈≈).... #..# #..#
##...≈≈.≈≈e..## #..# #..#
#...≈≈)≈≈e..# #..# #..#
######)###### #..# #..# #(# #..#
#..# #{# #..# ...# #@# #..# ...#
#)# #..# ...# #)# #..# #).# ##)##
#..# '..# ##...## #..#
#..###########..#..###########...
...............###.......))......
#..########################).....
...(...)....................)...#


You could see a deep elf death mage.

Vanquished Creatures
  3 deep elf blademasters
  A deep elf master archer (Elf:3)
  A frost giant (D:15)
  4 ghost moths
  An orc warlord (Orc:1)
  The ghost of braks the Prestidigitator, a journeyman FoAK of Lugonu (D:12)
  6 emperor scorpions
  4 deep elf elementalists (Elf:3)
  4 entropy weavers
  3 deep elf demonologists (Elf:3)
  A spark wasp (Spider:4)
  4 merfolk javelineers
  3 merfolk impalers
  A deep elf high priest (Elf:3)
  Fannar (Lair:3)
  4 vault guards (D:13)
  3 hydras
  2 merfolk avatars
  4 centaur warriors
  2 alligator snapping turtles
  A tengu warrior (D:15)
  An ogre mage (D:13)
  27 dancing weapons
  7 merfolk aquamancers
  5 death yaks (Lair:6)
  5 satyrs
  A death knight (D:15)
  13 two-headed ogres
  8 death scarabs (Spider:4)
  An orc high priest (Orc:2)
  Sonja (D:11)
  17 deep elf knights
  Nergalle (Lair:2)
  3 unseen horrors
  3 spectral emperor scorpions (Spider:4)
  8 sea snakes
  11 deep elf archers
  A harpy (shapeshifter) (Elf:1)
  A wizard (D:13)
  A necromancer (IceCv)
  14 harpies
  16 orb spiders
  A wolf spider zombie (Spider:4)
  37 deep elf magi
  5 orc knights
  5 orc sorcerers
  25 wolf spiders
  4 spectral wolf spiders (Spider:4)
  24 fauns
  2 ugly things (D:13)
  10 cyclopes
  3 moths of wrath
  8 manticores
  Maurice (Orc:2)
  8 merfolk sirens
  8 water nymphs
  3 ice statues (IceCv)
  An orange demon (Shoals:4)
  A torpor snail (Spider:1)
  An eye of devastation (shapeshifter) (D:15)
  7 black mambas
  4 gargoyles
  3 spectral redbacks (Spider:4)
  30 spiny frogs
  2 yaktaurs (D:15)
  2 kobold demonologists
  An efreet (D:14)
  12 komodo dragons
  4 redback zombies (Spider:4)
  2 harpy zombies (Shoals:1)
  10 ice devils (IceCv)
  13 demonic crawlers
  21 merfolk
  A tengu conjurer (D:15)
  3 meliai (D:15)
  2 wind drakes
  A red devil (Shoals:4)
  6 hornets
  3 tyrant leeches (Lair:6)
  40 jumping spiders
  A spectral jumping spider (Spider:4)
  9 trolls
  8 slime creatures
  4 snapping turtles
  2 tarantella zombies (Spider:4)
  14 dream sheep
  21 hippogriffs
  4 jumping spider zombies (Spider:4)
  3 spectral tarantellas (Spider:4)
  24 blink frogs
  A shadow (D:15)
  A wraith (D:10)
  39 yaks
  14 water elementals
  A vampire (D:15)
  38 tarantellas
  3 humans
  2 fire elementals (Elf:2)
  3 hogs (D:11)
  62 redbacks
  4 wyverns
  Grum (D:11)
  5 hungry ghosts
  A basilisk (D:12)
  10 vampire mosquitoes
  3 acid dragons
  A soldier ant (D:12)
  8 swamp worms (Spider:3)
  10 water moccasins
  4 wargs
  The ghost of darxusza the Ducker, an amateur SpMo of Wu Jian (D:4)
  A spectral hornet (Spider:4)
  7 porcupines
  6 sky beasts
  34 orc warriors
  Duvessa (D:6)
  3 ice beasts
  2 black bears
  A necrophage (D:10)
  2 phantoms
  An eye of draining (D:12)
  14 ogres
  A boggart (shapeshifter) (D:15)
  8 wolves
  10 centaurs
  6 crocodiles
  9 big kobolds
  2 hippogriff zombies (Shoals:1)
  23 bullfrogs
  Dowan (D:6)
  A wyvern zombie (D:12)
  2 earth elementals
  9 scorpions
  4 killer bees (D:11)
  A vampire bat (D:13)
  7 howler monkeys
  5 electric eels
  10 crimson imps
  8 centaur zombies
  A quasit (D:12)
  5 bullfrog zombies
  4 bullfrog skeletons
  A draconian simulacrum (IceCv)
  9 hounds
  4 jellies
  3 centaur skeletons
  21 orc priests
  29 orc wizards
  8 iguanas
  A spriggan simulacrum (IceCv)
  9 worker ants
  2 troll simulacra (IceCv)
  2 centaur simulacra (IceCv)
  A hound zombie (D:6)
  A hound skeleton (D:4)
  8 gnolls
  An ogre simulacrum (IceCv)
  8 adders
  A howler monkey skeleton (D:4)
  3 naga simulacra (IceCv)
  3 shadow imps
  3 adder skeletons
  2 adder zombies (D:6)
  11 worms (Spider:3)
  A dart slug (D:2)
  7 leopard geckos
  87 orcs
  5 giant cockroaches
  6 goblins
  4 hobgoblins
  2 jackals (D:6)
  5 quokkas
  3 ball pythons
  11 bats
  4 frilled lizards
  15 kobolds
  6 rats
  A crawling corpse (Elf:3)
  7 fungi
  23 plants
1322 creatures vanquished.

Vanquished Creatures (collateral kills)
  Nikola (Shoals:1)
  Arachne (Spider:4)
  An orc warlord (Orc:2)
  4 deep elf sorcerers (Elf:3)
  A spark wasp (Spider:3)
  A deep elf death mage (Elf:3)
  4 dancing weapons
  2 orc high priests (Orc:2)
  2 deep elf knights
  3 deep elf archers
  4 orc knights (Orc:2)
  10 deep elf magi
  3 orc sorcerers
  2 wolf spiders (Spider:4)
  2 spiny frogs (Lair:1)
  2 demonic crawlers (Spider:4)
  A jumping spider (Spider:2)
  2 trolls (Orc:1)
  A blink frog (Lair:1)
  5 redbacks
  An air elemental (Elf:3)
  4 tarantellas
  A fire elemental (Elf:3)
  A water moccasin (Lair:1)
  9 orc warriors (Orc:2)
  2 centaurs (Lair:3)
  An ogre (Orc:2)
  2 crocodiles (Lair:1)
  8 orc priests
  7 orc wizards
  14 orcs
102 creatures vanquished.

Vanquished Creatures (others)
  A satyr (Shoals:4)
  A redback (Spider:1)
  A water elemental (Shoals:4)
  7 fungi
  93 plants
103 creatures vanquished.

Grand Total: 1527 creatures vanquished

Notes
Turn   | Place    | Note
-------+----------+-------------------------------------------
     0 | D:1      | esteth the Minotaur Fighter began the quest for the Orb.
     0 | D:1      | Reached XP level 1. HP: 19/19 MP: 0/0
   317 | D:1      | Reached XP level 2. HP: 27/27 MP: 1/1
   348 | D:1      | Upgraded the game from 0.21-a0-444-g29a2fec to 0.21-a0-450-gd87a9b2
   841 | D:2      | Reached XP level 3. HP: 28/33 MP: 2/2
  1200 | D:2      | Found a radiant altar of Vehumet.
  1207 | D:2      | Found an ornate altar of the Wu Jian Council.
  1248 | D:2      | Found a snail-covered altar of Cheibriados.
  1456 | D:2      | Found a hide-covered altar of Uskayaw.
  1629 | D:3      | Reached XP level 4. HP: 38/41 MP: 3/3
  1699 | D:3      | Found a shattered altar of Ashenzari.
  1755 | D:3      | Found a sacrificial altar of Ru.
  2355 | D:4      | Reached XP level 5. HP: 46/47 MP: 4/4
  2388 | D:4      | Found Gut Tyn's Food Shoppe.
  2423 | D:4      | Reached skill level 1 in Evocations
  2535 | D:4      | Reached skill level 5 in Fighting
  2536 | D:4      | Reached XP level 6. HP: 38/56 MP: 4/6
  2609 | D:4      | Reached skill level 5 in Armour
  2609 | D:4      | Reached skill level 5 in Shields
  2849 | D:4      | Noticed darxusza's ghost (amateur SpMo)
  2951 | D:4      | Killed darxusza's ghost
  3099 | D:5      | Entered Level 5 of the Dungeon
  3161 | D:5      | Reached XP level 7. HP: 49/61 MP: 7/7
  3179 | D:5      | Reached skill level 5 in Axes
  3319 | D:5      | Found a white marble altar of Elyvilon.
  3350 | D:5      | Found a glowing golden altar of the Shining One.
  3350 | D:5      | Found a basalt altar of Yredelemnul.
  3361 | D:5      | Found a shadowy altar of Dithmenos.
  3618 | D:5      | Reached XP level 8. HP: 54/70 MP: 9/9
  3724 | D:5      | Found a sacrificial altar of Ru.
  3934 | D:5      | Found a stormy altar of Qazlal.
  4225 | D:6      | Found an opulent altar of Gozag.
  4298 | D:6      | Found a sparkling altar of Nemelex Xobeh.
  4525 | D:6      | Noticed Duvessa
  4528 | D:6      | Noticed a two-headed ogre
  4540 | D:6      | Noticed Dowan
  4542 | D:6      | Killed a two-headed ogre
  4542 | D:6      | Reached skill level 5 in Evocations
  4542 | D:6      | Reached XP level 9. HP: 79/79 MP: 11/11
  4548 | D:6      | Killed Duvessa
  4560 | D:6      | Killed Dowan
  4726 | D:6      | Found a staircase to the Ecumenical Temple.
  5112 | D:7      | Found a glowing golden altar of the Shining One.
  5512 | Temple   | Entered the Ecumenical Temple
  5697 | Temple   | Became a worshipper of Makhleb the Destroyer
  6470 | D:8      | Found an ancient bone altar of Kikubaaqudgha.
  6573 | D:8      | Reached skill level 10 in Axes
  6573 | D:8      | Reached XP level 10. HP: 84/86 MP: 14/14
  6588 | D:8      | Reached skill level 1 in Invocations
  6630 | D:8      | Noticed a two-headed ogre
  6635 | D:8      | Killed a two-headed ogre
  7046 | D:9      | Reached * piety under Makhleb
  7109 | D:9      | Noticed a two-headed ogre
  7123 | D:9      | Killed a two-headed ogre
  7515 | D:10     | Entered Level 10 of the Dungeon
  7661 | D:10     | Found Iroaweng's General Store.
  7715 | D:10     | Found Quufixko's Distillery.
  7762 | D:10     | Noticed a two-headed ogre
  7765 | D:10     | Found a staircase to the Orcish Mines.
  7770 | D:10     | Killed a two-headed ogre
  7770 | D:10     | Reached skill level 5 in Invocations
  7770 | D:10     | Reached XP level 11. HP: 69/92 MP: 15/15
  8175 | D:10     | Reached ** piety under Makhleb
  8259 | D:10     | Got a flickering steel amulet
  8260 | D:10     | Identified the amulet "Pacsan" {rF+ Regen+} (You found it on level 10 of the Dungeon)
  8331 | D:11     | Reached skill level 10 in Armour
  8409 | D:11     | Noticed Sonja
  8412 | D:11     | Killed Sonja
  8682 | D:11     | Noticed Grum
  8707 | D:11     | Killed Grum
  8789 | D:11     | Reached *** piety under Makhleb
  9002 | D:11     | Found a staircase to the Lair.
  9013 | Lair:1   | Entered Level 1 of the Lair of Beasts
  9350 | Lair:1   | Noticed a five-headed hydra
  9358 | Lair:1   | Killed a three-headed hydra
  9412 | Lair:1   | Reached XP level 12. HP: 100/100 MP: 16/16
 10380 | Lair:2   | Found a staircase to the Shoals.
 10516 | Lair:2   | Noticed Nergalle
 10526 | Lair:2   | Killed Nergalle
 10660 | Lair:2   | Found a hole to the Spider Nest.
 10924 | Lair:3   | Identified a scroll of acquirement
 10943 | Lair:3   | Reached **** piety under Makhleb
 10950 | Lair:3   | Noticed Fannar
 10992 | Lair:3   | Killed Fannar
 11557 | Lair:3   | Found an opulent altar of Gozag.
 12765 | Lair:5   | Reached XP level 13. HP: 111/111 MP: 18/18
 12767 | Lair:5   | Reached skill level 15 in Axes
 12864 | Lair:5   | Found a frozen archway.
 12902 | IceCv    | Entered an ice cave
 12944 | IceCv    | Reached skill level 10 in Fighting
 13235 | IceCv    | Reached ***** piety under Makhleb
 13313 | IceCv    | Found the +27 Lear's hauberk
 14190 | Lair:6   | Entered Level 6 of the Lair of Beasts
 14329 | Lair:6   | Reached skill level 10 in Invocations
 14525 | Lair:6   | Reached XP level 14. HP: 122/122 MP: 20/20
 15066 | Lair:6   | Reached ****** piety under Makhleb
 15164 | Lair:6   | Found a staircase to the Slime Pits.
 15720 | D:12     | Noticed braks's ghost (journeyman FoAK)
 15735 | D:12     | Killed braks's ghost
 16271 | D:13     | Reached skill level 10 in Evocations
 16821 | D:13     | Reached XP level 15. HP: 119/128 MP: 23/23
 16898 | D:13     | Found a gate to the Vaults.
 17814 | D:15     | Entered Level 15 of the Dungeon
 18178 | D:15     | Identified the Disquisition on Noxious Clay
 18647 | D:15     | Noticed a frost giant
 18647 | D:15     | Found a staircase to the Depths.
 18652 | D:15     | Killed a frost giant
 18804 | Orc:1    | Entered Level 1 of the Orcish Mines
 18809 | Orc:1    | Found Naapes's Book Boutique.
 18818 | Orc:1    | Noticed an orc warlord
 18847 | Orc:1    | Killed an orc warlord
 19022 | Orc:1    | Found Qestrebb's Jewellery Shoppe.
 19023 | Orc:1    | Found Zuugeis's Armour Shop.
 19027 | Orc:1    | Found Keraoferha's Antique Armour Boutique.
 19118 | Orc:1    | Found Nanuz's Jewellery Boutique.
 19321 | Orc:2    | Entered Level 2 of the Orcish Mines
 19448 | Orc:2    | Noticed Maurice
 19463 | Orc:2    | Killed Maurice
 19664 | Orc:2    | Found a staircase to the Elven Halls.
 19960 | Orc:2    | Noticed an orc warlord
 19971 | Orc:2    | Killed an orc warlord
 20240 | Orc:2    | Found Utiamaho's General Store.
 20241 | Orc:2    | Found Nuicriot's Jewellery Shoppe.
 20242 | Orc:2    | Found Faojy's Antique Armour Emporium.
 20242 | Orc:2    | Found Vonasycs's Antique Weapon Emporium.
 20256 | Orc:2    | Bought a scroll of silence for 120 gold pieces
 20256 | Orc:2    | Bought a scroll of silence for 120 gold pieces
 20257 | Orc:2    | Bought the ring "Zooligam" {+Inv rPois rF+ rC- Int+2} for 458 gold pieces
 20269 | Orc:2    | Reached XP level 16. HP: 139/139 MP: 24/24
 20445 | Spider:1 | Entered Level 1 of the Spider Nest
 21933 | Spider:2 | Reached skill level 15 in Fighting
 23137 | Spider:4 | Entered Level 4 of the Spider Nest
 23137 | Spider:4 | Noticed Arachne
 23147 | Spider:4 | Killed Arachne
 23255 | Spider:4 | Reached XP level 17. HP: 161/161 MP: 25/25
 23577 | Spider:4 | Got a faintly glowing shield
 24441 | Spider:4 | Got a gossamer rune of Zot
 24919 | Shoals:1 | Entered Level 1 of the Shoals
 24935 | Shoals:1 | Reached skill level 1 in Dodging
 24977 | Shoals:1 | Noticed Nikola
 24999 | Shoals:1 | Killed Nikola
 25807 | Shoals:2 | Reached skill level 5 in Dodging
 25872 | Shoals:2 | Found the +6 shillelagh "Devastator" {shatter}
 25927 | Shoals:2 | Reached XP level 18. HP: 151/180 MP: 26/26
 27080 | Shoals:3 | Identified the +0 shield of Miahufuf {rElec rC+} (You found it on level 4 of the Spider Nest)
 27313 | Shoals:4 | Entered Level 4 of the Shoals
 27328 | Shoals:4 | Found a runed door.
 27620 | Shoals:4 | Got a barnacled rune of Zot
 28098 | Elf:1    | Entered Level 1 of the Elven Halls
 28892 | Elf:1    | Reached skill level 10 in Dodging
 29386 | Elf:2    | Reached XP level 19. HP: 191/191 MP: 27/27
 29729 | Elf:2    | Found a huge runed gate.
 29729 | Elf:2    | Found a huge runed gate.
 29729 | Elf:2    | Found a huge runed gate.
 29730 | Elf:2    | Found a huge runed gate.
 29730 | Elf:2    | Found a huge runed gate.
 30284 | Elf:3    | Entered Level 3 of the Elven Halls
 30289 | Elf:3    | Found the +2 Maxwell's thermic engine {flame, freeze, rF- rC-}
 30738 | Elf:3    | Found Ziroj's Antique Weapon Shop.
 30797 | Elf:3    | Found a radiant altar of Vehumet.
 31608 | Elf:3    | Noticed a Brimstone Fiend
 31621 | Elf:3    | HP: 8/286 [deep elf blademaster/rapier (12)]
 31634 | Elf:3    | Shot with an arrow by something

Vault maps used:
D:1:      dpeg_arrival_rooms_c
D:2:      lemuel_crystal_altar, nicolae_overflow_crystal_walls,
          amethyst_overflow_temple_binary
D:3:      nicolae_ru_sacrificial_ziggurat, minivault_24, evilmike_ruin_ashenzari
D:4:      kennysheep_big_flooded_room, serial_shops, kennysheep_mini_moat
D:5:      lemuel_doored_altar, lemuel_coloured_pillars_altar,
          grunt_temple_overflow_open, first_bread, basic_altar
D:6:      nemelex_xobeh_ov_fountains_minmay, lemuel_crystal_altar,
          minmay_temple_entry_from_below_a, uniq_duvessa
D:7:      basic_altar
D:8:      overflow_temple_1_default
D:10:     serial_shops, nicolae_shop_crystal, shop
D:11:     grunt_lair_entry_orc_guard_hut, serial_glass, glass_columns_a,
          glass_columns_a, glass_columns_a, glass_columns_a, grunt_livestock,
          uniq_grum, uniq_sonja
D:12:     minmay_box_of_statues
D:13:     grunt_vaults_entry_fortified, hangedman_abyss_or_decor_passed,
          roderic_batcave
D:14:     serial_bayou_lagoon_b
D:15:     grunt_enter_depths_snipers, hangedman_abyss_or_decor_slice
Temple:   grunt_temple_mini_profane
Lair:1:   serial_bayou_shore_b, serial_bayou_shore_a
Lair:2:   minmay_shoals_entry_beasts, spider_nest_entry_webs, serial_forest,
          infiniplex_forest_clump_long, infiniplex_forest_clump_small,
          infiniplex_forest_clump_curved, infiniplex_forest_clump_small,
          infiniplex_forest_clump_large, infiniplex_forest_straight_1,
          infiniplex_forest_clump_small, uniq_nergalle
Lair:3:   st_stairs_3, lemuel_centaur_altar, uniq_fannar
Lair:4:   grunt_megastairs_5
Lair:5:   portal_ice_cave_entry_pillars_1, lemuel_fruit_tree
Lair:6:   minmay_lair_end_frog_pond, minmay_slime_entry_oklob_open
Shoals:1: nicolae_shoals_undead_eyrie, uniq_nikola
Shoals:2: nicolae_shoals_aquamancer_cove
Shoals:3: centaur_isle
Shoals:4: shoals_end_grunt_garden, shoal_ilsuiw, lightli_airlock, uniq_kirke
Spider:2: guppyfry_spider_mini_2
Spider:3: spider_trap, worms_lemuel
Spider:4: floodkiller_spider_rune_tomb, uniq_arachne
Orc:1:    serial_shops, nicolae_shop_temple_entry_statues_fountains,
          nicolae_shop_statue_plus, nicolae_shop_trees, shop_fountains,
          nicolae_shop_waterfront, statue_in_the_mist_lemuel,
          guppyfry_library_mini
Orc:2:    st_orc_congregation, uniq_maurice
Elf:1:    minivault_28
Elf:3:    elf_hall_gauntlet_narrow, serial_shops, shop, basic_altar
IceCv:    ice_cave_tombish

Skill      XL: |  1  2  3  4  5  6  7  8  9 10 11 12 13 14 15 16 17 18 19 |
---------------+----------------------------------------------------------+-----
Fighting       | 4 5 6 7 9 10 11 17 20 21 22 | 22.0
Shields        | 4 5 6 7 |  7.1
Axes           | 3 4 5 7 10 11 13 14 16 17 20 22 | 22.0
Armour         | 4 5 6 7 9 11 12 13 | 13.5
Evocations     | 1 2 3 5 7 8 10 11 | 11.0
Invocations    | 5 7 9 10 12 | 12.7
Dodging        | 5 10 | 10.6

Action                   |  1- 3 |  4- 6 |  7- 9 | 10-12 | 13-15 | 16-18 | 19-21 || total
-------------------------+-------+-------+-------+-------+-------+-------+-------++-------
Melee: War axe           |    84 |   222 |   127 |       |       |       |       ||   433
       Headbutt          |    12 |    15 |    44 |    86 |   285 |   277 |    59 ||   778
       Battleaxe         |       |       |   128 |   504 |  1225 |  1383 |   104 ||  3344
       Executioner's axe |       |       |       |       |       |       |   183 ||   183
Invok: Lesser Servant of |       |       |       |     4 |     1 |     1 |       ||     6
       Greater Servant o |       |       |       |       |     8 |     7 |     8 ||    23
       Major Destruction |       |       |       |       |       |     4 |     1 ||     5
Evoke: Wand              |       |       |     4 |    12 |     4 |     4 |       ||    24
       Lamp of fire      |       |       |       |       |       |     1 |       ||     1
  Use: Scroll            |       |    12 |     2 |    14 |    12 |    11 |     1 ||    52
       Potion            |       |     4 |       |     5 |     3 |     3 |     4 ||    19
 Stab: Confused          |       |       |       |       |     1 |       |       ||     1
       Distracted        |       |       |       |       |       |       |     2 ||     2
  Eat: Chunk             |     2 |     4 |    14 |    20 |    29 |    31 |     7 ||   107
       Bread ration      |       |     1 |       |       |     1 |       |     2 ||     4
Armor: Scale mail        |     9 |       |       |       |       |       |       ||     9
       Plate armour      |    54 |   143 |   167 |       |       |       |       ||   364
       Crystal plate arm |       |       |    10 |   547 |    97 |       |       ||   654
       Chain mail        |       |       |       |       |   850 |  1638 |   185 ||  2673
Dodge: Dodged            |    20 |    40 |    69 |   132 |   370 |   783 |   129 ||  1543
Block: Shield            |    46 |   111 |    69 |       |       |       |       ||   226

Table legend:
 A = Spawn XP
 B = Non-spawn XP
 C = Spawn XP percentage of total XP
 D = Spawn monster count
 E = Non-spawn monster count
 F = Spawn count percentage of total count
 G = Total turns spent on level
                    A         B        C        D         E        F      G
               +---------+---------+-------+---------+---------+-------+---------
         Total |       0 |  439163 |   0.0 |       0 |    1392 |   0.0 | 31634
               +---------+---------+-------+---------+---------+-------+---------
           D:1 |       0 |      25 |   0.0 |       0 |      15 |   0.0 |   736
           D:2 |       0 |      59 |   0.0 |       0 |      20 |   0.0 |   874
           D:3 |       0 |     110 |   0.0 |       0 |      21 |   0.0 |   651
           D:4 |       0 |     414 |   0.0 |       0 |      12 |   0.0 |   838
           D:5 |       0 |    1159 |   0.0 |       0 |      16 |   0.0 |   889
           D:6 |       0 |    2104 |   0.0 |       0 |      33 |   0.0 |  1143
           D:7 |       0 |    1436 |   0.0 |       0 |      23 |   0.0 |   832
           D:8 |       0 |    1381 |   0.0 |       0 |       9 |   0.0 |   784
           D:9 |       0 |    1559 |   0.0 |       0 |      12 |   0.0 |   559
          D:10 |       0 |    3446 |   0.0 |       0 |      29 |   0.0 |   880
          D:11 |       0 |    6094 |   0.0 |       0 |      45 |   0.0 |   789
          D:12 |       0 |   10505 |   0.0 |       0 |      53 |   0.0 |   888
          D:13 |       0 |   20812 |   0.0 |       0 |      44 |   0.0 |   897
          D:14 |       0 |    7217 |   0.0 |       0 |      31 |   0.0 |   803
          D:15 |       0 |   16930 |   0.0 |       0 |      50 |   0.0 |   876
        Lair:1 |       0 |    8154 |   0.0 |       0 |      31 |   0.0 |  1151
        Lair:2 |       0 |    4512 |   0.0 |       0 |      15 |   0.0 |  1205
        Lair:3 |       0 |    5244 |   0.0 |       0 |      23 |   0.0 |   837
        Lair:4 |       0 |    2675 |   0.0 |       0 |      10 |   0.0 |  1041
        Lair:5 |       0 |    7265 |   0.0 |       0 |      31 |   0.0 |   921
        Lair:6 |       0 |   26898 |   0.0 |       0 |      94 |   0.0 |  1020
      Shoals:1 |       0 |   19721 |   0.0 |       0 |      40 |   0.0 |   640
      Shoals:2 |       0 |   22080 |   0.0 |       0 |      43 |   0.0 |   762
      Shoals:3 |       0 |   13188 |   0.0 |       0 |      22 |   0.0 |   830
      Shoals:4 |       0 |   20967 |   0.0 |       0 |      41 |   0.0 |   649
      Spider:1 |       0 |   18791 |   0.0 |       0 |      51 |   0.0 |   788
      Spider:2 |       0 |   15383 |   0.0 |       0 |      42 |   0.0 |  1138
      Spider:3 |       0 |   17101 |   0.0 |       0 |      65 |   0.0 |   844
      Spider:4 |       0 |   59936 |   0.0 |       0 |     125 |   0.0 |  1539
         Orc:1 |       0 |    5955 |   0.0 |       0 |      61 |   0.0 |   551
         Orc:2 |       0 |   14255 |   0.0 |       0 |     123 |   0.0 |  1013
         Elf:1 |       0 |   20989 |   0.0 |       0 |      33 |   0.0 |   958
         Elf:2 |       0 |   40296 |   0.0 |       0 |      58 |   0.0 |  1228
         Elf:3 |       0 |   36910 |   0.0 |       0 |      47 |   0.0 |  1350
         IceCv |       0 |    5592 |   0.0 |       0 |      24 |   0.0 |   521
               +---------+---------+-------+---------+---------+-------+---------
